 Dungeon Crawl Stone Soup version 0.29-a0-364-g921d912d32 (webtiles) character file.

Game seed: 11482253673445472861

92 ptdevnull the Grappler (level 4, -8/40 (41) HPs)
             Began as a Gnoll Wanderer on May 1, 2022.
             Was a High Priest of Ignis.
             Mangled by Crazy Yiuf
             ... wielding a +3 quarterstaff of chaos
              (11 damage)
             ... while paralysed by Crazy Yiuf
             ... on level 2 of the Dungeon.
             The game lasted 00:03:44 (1839 turns).

ptdevnull the Grappler (Gnoll Wanderer)             Turns: 1839, Time: 00:03:45

HP:   -8/40 (41)    AC:  4    Str: 17    XL:     4   Next: 60%
MP:   5/5           EV:  2    Int:  8    God:    Ignis [*****.]
Gold: 25            SH:  0    Dex: 11    Spells: 5/5 levels left

rFire   + . .      SeeInvis .     - Unarmed
rCold   . . .      Faith    .   (no shield)
rNeg    . . .      Spirit   .   e - +0 leather armour
rPois   .          Reflect  .   n - +0 helmet
rElec   .          Harm     .   (no cloak)
rCorr   .          Rampage  .   (no gloves)
Will    .....                   (no boots)
Stlth   +.........              (no amulet)
HPRegen 0.13/turn               (no ring)
MPRegen 0.09/turn               (no ring)

@: paralysed, lightly drained
A: fangs 1, strong nose, distributed training
a: Renounce Religion, Fiery Armour, Foxfire Swarm, Rising Flame


You were on level 2 of the Dungeon.
You worshipped Ignis.
Ignis was extremely pleased with you.
You visited 1 branch of the dungeon, and saw 2 of its levels.

You collected 25 gold pieces.

Inventory:

Hand Weapons
 a - a +1 shortbow
 j - a +3 hunting sling
 m - a +5 short sword of draining
Missiles
 h - 2 silver javelins
Armour
 e - a +0 leather armour (worn)
 n - a +0 helmet (worn)
Scrolls
 c - a scroll of blinking
 d - a scroll of fog
 g - a scroll of silence {unknown}
 o - a scroll of teleportation {unknown}
Potions
 b - a potion of berserk rage
 f - 2 potions of mutation {unknown}
 i - 3 potions of curing {unknown}
 k - a potion of ambrosia {unknown}
 l - a potion of heal wounds {unknown}


   Skills:
 + Level 6.6 Fighting
 + Level 1.2 Short Blades
 + Level 1.2 Long Blades
 + Level 1.2 Axes
 + Level 1.2 Maces & Flails
 + Level 1.2 Polearms
 + Level 1.2 Staves
 + Level 1.2 Slings
 + Level 2.8 Bows
 + Level 1.2 Crossbows
 + Level 1.2 Throwing
 + Level 4.6 Armour
 + Level 1.2 Dodging
 + Level 1.2 Stealth
 + Level 1.2 Shields
 + Level 8.6 Unarmed Combat
 + Level 1.2 Spellcasting
 + Level 1.0 Conjurations
 + Level 1.0 Hexes
 + Level 1.0 Summonings
 + Level 1.0 Necromancy
 + Level 1.0 Translocations
 + Level 1.0 Transmutations
 + Level 1.0 Fire Magic
 + Level 1.0 Ice Magic
 + Level 1.0 Air Magic
 + Level 1.0 Earth Magic
 + Level 1.0 Poison Magic
 + Level 1.3 Invocations
 + Level 1.2 Evocations


You had 5 spell levels left.
You didn't know any spells.
Your spell library was empty.

Dungeon Overview and Level Annotations

Branches:
Dungeon (2/15)

Altars:
Ignis

Annotations:
D:2 Crazy Yiuf


Innate Abilities, Weirdness & Mutations

You have very sharp teeth.
Your uncanny sense of smell can sniff out nearby items.
Your experience applies equally to all skills.


Message History

Things that are here:
a +0 dagger; a goblin corpse
Items here: ))) รท.
Things that are here:
a +0 animal skin; a +0 helmet; a hobgoblin skeleton
Things that are here:
a +0 club; a +0 hunting sling; a goblin skeleton
Things that are here:
a +0 dagger; a goblin skeleton
Things that are here:
a +0 animal skin; a +0 helmet; a hobgoblin skeleton You start putting on your armour.
You continue putting on your +0 helmet. x4
You finish putting on your +0 helmet.
Unknown command.
o - a scroll labelled IWNA YMAHUA
Found a mace.
Found a runed translucent door.
Crazy Yiuf shouts!
Crazy Yiuf cries, "You leg down broken song, no?"
Found a hand axe.
Press: ? - help, v - describe, . - travel
Here: Crazy Yiuf, wielding a +3 quarterstaff of chaos and wearing a +0 cloak (fire blocked by a runed translucent door)
The floor.
As you open the door, it creaks loudly!
You closely miss Crazy Yiuf.
Crazy Yiuf hits you with a +3 quarterstaff of chaos!
You resist with significant effort.
You barely miss Crazy Yiuf. You barely miss Crazy Yiuf.
Crazy Yiuf hits you with a +3 quarterstaff of chaos.
You completely miss Crazy Yiuf.
Crazy Yiuf hits you with a +3 quarterstaff of chaos.
You feel drained.
You hit Crazy Yiuf. You punch Crazy Yiuf.
You bite Crazy Yiuf, but do no damage.
Crazy Yiuf is heavily wounded.
Crazy Yiuf hits you with a +3 quarterstaff of chaos!
* * * LOW HITPOINT WARNING * * *
You suddenly lose the ability to move!
Crazy Yiuf hits you with a +3 quarterstaff of chaos!
You die...

#+##..########..#
#.# #....>.....#
#### ###.#
#####.###### #...#
#.# ##### #####
#####'### #)..#
........# #...#
...)))..# ...
.....)..# #g#
...[))..# #@##
..).....# ##.#
........# #.##
........# ##.#
........# ##.##
........# ##...#
........# #....#
........#### #....#
...........####+..+#


You could see Crazy Yiuf.

Vanquished Creatures
  Terence (D:2)
  Robin (D:2)
  An adder (D:2)
  A worm (D:2)
  2 endoplasms
  A giant cockroach (D:1)
  16 goblins
  3 hobgoblins
  2 quokkas
  5 ball pythons
  2 bats (D:1)
  4 frilled lizards
  4 rats
43 creatures vanquished.

Vanquished Creatures (others)
  15 foxfires (D:2)
15 creatures vanquished.

Grand Total: 58 creatures vanquished

Notes
Turn   | Place    | Note
-------+----------+-------------------------------------------
     0 | D:1      | ptdevnull the Gnoll Wanderer began the quest for the Orb.
     0 | D:1      | ptdevnull set off with the following items: a +1 shortbow,
                  | a potion of berserk rage, a scroll of blinking, a scroll of
                  | fog, a +0 leather armour
     0 | D:1      | Reached XP level 1. HP: 23/23 MP: 1/1
   319 | D:1      | Reached XP level 2. HP: 26/29 MP: 2/2
   533 | D:1      | Found a faded altar of an unknown god.
   577 | D:1      | Prayed at the altar of an unknown god.
   577 | D:1      | Became a worshipper of Ignis, the Dying Flame
   945 | D:2      | Reached XP level 3. HP: 24/35 MP: 3/3
  1121 | D:2      | Noticed Terence
  1132 | D:2      | Killed Terence
  1133 | D:2      | Reached skill level 1 in Short Blades
  1133 | D:2      | Reached skill level 1 in Long Blades
  1133 | D:2      | Reached skill level 1 in Axes
  1133 | D:2      | Reached skill level 1 in Maces & Flails
  1133 | D:2      | Reached skill level 1 in Polearms
  1133 | D:2      | Reached skill level 1 in Staves
  1133 | D:2      | Reached skill level 1 in Slings
  1133 | D:2      | Reached skill level 1 in Crossbows
  1133 | D:2      | Reached skill level 1 in Throwing
  1133 | D:2      | Reached skill level 1 in Dodging
  1133 | D:2      | Reached skill level 1 in Stealth
  1133 | D:2      | Reached skill level 1 in Shields
  1133 | D:2      | Reached skill level 1 in Spellcasting
  1133 | D:2      | Reached skill level 1 in Invocations
  1133 | D:2      | Reached skill level 1 in Evocations
  1355 | D:2      | Reached XP level 4. HP: 36/41 MP: 5/5
  1507 | D:2      | Noticed Robin
  1519 | D:2      | Killed Robin
  1520 | D:2      | Reached skill level 1 in Conjurations
  1520 | D:2      | Reached skill level 1 in Hexes
  1520 | D:2      | Reached skill level 1 in Summonings
  1520 | D:2      | Reached skill level 1 in Necromancy
  1520 | D:2      | Reached skill level 1 in Translocations
  1520 | D:2      | Reached skill level 1 in Transmutations
  1520 | D:2      | Reached skill level 1 in Fire Magic
  1520 | D:2      | Reached skill level 1 in Ice Magic
  1520 | D:2      | Reached skill level 1 in Air Magic
  1520 | D:2      | Reached skill level 1 in Earth Magic
  1520 | D:2      | Reached skill level 1 in Poison Magic
  1770 | D:2      | Found a runed translucent door.
  1771 | D:2      | Noticed Crazy Yiuf
  1838 | D:2      | Paralysed by Crazy Yiuf for 4 turns
  1839 | D:2      | Mangled by Crazy Yiuf

Illustrated notes

Levels and vault maps discovered:
D:1:      minmay_arrival_four_loops, layout_loops_ring,
          hellmonk_ecumenical_altar_heavens_door
D:2:      layout_basic, uniq_terence, uniq_robin, uniq_crazy_yiuf_cottage,
          uniq_natasha

Skill      XL: |  1  2  3  4 |
---------------+-------------+-----
Short Blades   | 1 |  1.2
Long Blades    | 1 |  1.2
Axes           | 1 |  1.2
Maces & Flails | 1 |  1.2
Polearms       | 1 |  1.2
Staves         | 1 |  1.2
Slings         | 1 |  1.2
Crossbows      | 1 |  1.2
Throwing       | 1 |  1.2
Dodging        | 1 |  1.2
Stealth        | 1 |  1.2
Shields        | 1 |  1.2
Spellcasting   | 1 |  1.2
Invocations    | 1 |  1.3
Evocations     | 1 |  1.2
Conjurations   | 1 |  1.0
Hexes          | 1 |  1.0
Summonings     | 1 |  1.0
Necromancy     | 1 |  1.0
Translocations | 1 |  1.0
Transmutations | 1 |  1.0
Fire Magic     | 1 |  1.0
Ice Magic      | 1 |  1.0
Air Magic      | 1 |  1.0
Earth Magic    | 1 |  1.0
Poison Magic   | 1 |  1.0
Fighting       | |  6.6
Bows           | |  2.8
Armour         | |  4.6
Unarmed Combat | |  8.6

Action                   |  1- 3 |  4- 6 || total
-------------------------+-------+-------++-------
Melee: Unarmed           |    71 |    21 ||    92
       Bite              |     6 |     2 ||     8
       Punch             |     1 |     2 ||     3
Invok: Foxfire Swarm     |       |     1 ||     1
 Stab: Sleeping          |     1 |       ||     1
Armor: Leather armour    |    20 |    13 ||    33
Dodge: Dodged            |    34 |    13 ||    47

Table legend: (Time is in decaauts)
 A = Elapsed time spent in this place.
 B = Non-inter-level travel time spent in this place.
 C = Inter-level travel time spent in this place.
 D = Time resting spent in this place.
 E = Time spent auto-exploring this place.
 F = Levels seen in this place.
 G = Mean time per level.
                   A        B        C        D        E       F      G
               +--------+--------+--------+--------+--------+-----+--------+
         Total |   1823 |   1747 |     76 |    357 |   1157 |   2 |  911.5 |
       Dungeon |   1823 |   1747 |     76 |    357 |   1157 |   2 |  911.5 |
               +--------+--------+--------+--------+--------+-----+--------+

Top non-repeatable levels by time:
     D:1: 912 daAuts
     D:2: 911 daAuts
